 Dungeon Sprint DCSS version 0.25-a0-1036-g6f112fb28d (webtiles) character file.

Game seed: 15123968401026769720, levelgen mode: deterministic

173 Conn the Firebug (level 5, -7/32 HPs)
             Began as an Octopode Fire Elementalist on May 13, 2020.
             Was an Elder of Sif Muna.
             Mangled by a manticore (15 damage)
             ... in the Dungeon (Sprint VII: "The Pits").
             The game lasted 00:05:14 (1020 turns).

Conn the Firebug (Octopode Fire Elementalist)       Turns: 1020, Time: 00:05:14

Health: -7/32      AC:  1    Str:  8    XL:     5   Next: 53%
Magic:  4/13       EV: 14    Int: 18    God:    Sif Muna [****..]
Gold:   0          SH:  0    Dex: 12    Spells: 4/15 levels left

rFire    . . .     SeeInvis .   n - +1 dagger (venom)
rCold    . . .     Gourm    .   (no shield)
rNeg     . . .     Faith    .   (helmet restricted)
rPois    .         Spirit   .   (no amulet)
rElec    .         Reflect  .   (no ring)
rCorr    .         Harm     .   (no ring)
MR       .....     NoTele   +   (no ring)
Stlth    ++++......             (no ring)
HPRegen  0.10/turn              (no ring)
MPRegen  0.13/turn              (no ring)
                                (no ring)
                                (no ring)

@: no status effects
A: almost no armour, stealthy swim, amphibious, 8 rings, constrict 8, camouflage
1, gelatinous body 1
a: Channel Magic, Forget Spell, Divine Exegesis, Renounce Religion


You were in the Dungeon.
You worshipped Sif Muna.
Sif Muna was greatly pleased with you.
You were hungry.

You visited 1 branch

Inventory:

Hand Weapons
 a - a +2 dagger
 n - a +1 dagger of venom (weapon)
Scrolls
 h - a scroll of blinking
 j - 3 scrolls of remove curse
 k - 5 scrolls of amnesia
Potions
 c - 6 potions of curing
 d - 4 potions of heal wounds
 e - a potion of haste
 f - 4 potions of magic
 g - 2 potions of berserk rage
 i - 2 potions of invisibility
Comestibles
 b - 9 rations


   Skills:
 + Level 0.5 Fighting
 + Level 0.4 Short Blades
 + Level 3.7 Dodging
 + Level 5.4 Stealth
 * Level 5.7 Spellcasting
 + Level 3.0 Conjurations
 * Level 7.6 Fire Magic


You had 4 spell levels left.
You knew the following spells:

 Your Spells              Type           Power        Failure   Level  Hunger
a - Foxfire               Conj/Fire      ###.         1%          1    None
b - Conjure Flame         Conj/Fire      ###.....     4%          3    ##.....
c - Inner Flame           Hex/Fire       ###.....     8%          3    ##.....
d - Sticky Flame          Conj/Fire      ###.....     14%         4    ####...

Your spell library contained the following spells:

 Spells                   Type           Power        Failure   Level  Hunger
 Fireball                 Conj/Fire      ###.......   36%         5    #####..


Dungeon Overview and Level Annotations

Branches:
Dungeon (1/1)

Altars:
Ashenzari
Cheibriados
Dithmenos
Elyvilon
Fedhas
Gozag
Hepliaklqana
Kikubaaqudgha
Makhleb
Nemelex Xobeh
Okawaru
Qazlal
Ru
Sif Muna
Trog
Uskayaw
Vehumet
Wu Jian
Xom
Yredelemnul
Zin
The Shining One
Beogh
Jiyva
Lugonu


Innate Abilities, Weirdness & Mutations

You cannot wear most types of armour.
You are very stealthy in the water. (Stealth+)
You are amphibious.
You can wear up to eight rings at the same time.
You can use your tentacles to constrict eight enemies at once.
Your skin changes colour to match your surroundings (Stealth+).
Your rubbery body absorbs attacks. (AC +1, EV +1)


Message History

Press: ? - help, Shift-Dir - straight line, f/p - manticore
Aim: a manticore (heavily wounded)
The sticky flame hits the manticore.
The manticore is severely wounded.
The manticore is covered in liquid flames!
The manticore burns!
The manticore bites you. The manticore claws you.
* * * LOW HITPOINT WARNING * * *
The manticore misses you.
Unknown command.
You feel much better.
The manticore burns!
The manticore bites you!!
Ouch! That really hurt!
The manticore misses you. The manticore claws you.
* * * LOW HITPOINT WARNING * * *
Casting: Sticky Flame (quite dangerous; 14% risk of failure)
Confirm with . or Enter, or press ? or * to list all spells.
Okay, then.
Casting: Sticky Flame (quite dangerous; 14% risk of failure)
Confirm with . or Enter, or press ? or * to list all spells.
You conjure some foxfire!
The manticore burns!
The manticore bites you!
You die...

#.#........##.......#
#.#........##.......#
#'###########.......#
#.÷.†...# #########
#..#.#..# #.##.##.#
#.......#+#
#.##.##.#H+
#..#.#v@#'#
#.....v.H.#
###########


You could see a manticore (burning).

Vanquished Creatures
  An ogre (D)
  A jelly (D)
  An adder (D)
  A gnoll (D)
  2 river rats (D)
  An ufetubus (D)
  An adder skeleton (D)
  A worm (D)
  2 leopard geckos (D)
  A giant cockroach (D)
  A quokka (D)
  A bat (D)
  A frilled lizard (D)
  A leopard gecko zombie (D)
16 creatures vanquished.

Vanquished Creatures (others)
  33 foxfires (D)
33 creatures vanquished.

Grand Total: 49 creatures vanquished

Notes
Turn   | Place    | Note
-------+----------+-------------------------------------------
     0 | D        | Conn the Octopode Fire Elementalist began the quest for the
                  | Orb.
     0 | D        | Reached XP level 1. HP: 11/11 MP: 3/3
   104 | D        | Found a bloodstained altar of Trog.
   104 | D        | Found a shimmering blue altar of Sif Muna.
   104 | D        | Found a viscous altar of Jiyva.
   104 | D        | Found a hazy altar of Hepliaklqana.
   104 | D        | Found an opulent altar of Gozag.
   105 | D        | Found a glowing golden altar of the Shining One.
   105 | D        | Found a glowing silver altar of Zin.
   105 | D        | Found a basalt altar of Yredelemnul.
   105 | D        | Found a shimmering altar of Xom.
   105 | D        | Found an ornate altar of the Wu Jian Council.
   105 | D        | Found a sacrificial altar of Ru.
   105 | D        | Found a stormy altar of Qazlal.
   105 | D        | Found an iron altar of Okawaru.
   105 | D        | Found a sparkling altar of Nemelex Xobeh.
   105 | D        | Found a burning altar of Makhleb.
   105 | D        | Found a blossoming altar of Fedhas.
   105 | D        | Found a white marble altar of Elyvilon.
   105 | D        | Found a shadowy altar of Dithmenos.
   105 | D        | Found a snail-covered altar of Cheibriados.
   106 | D        | Found a radiant altar of Vehumet.
   106 | D        | Found a corrupted altar of Lugonu.
   106 | D        | Found a roughly hewn altar of Beogh.
   107 | D        | Found an ancient bone altar of Kikubaaqudgha.
   107 | D        | Found a hide-covered altar of Uskayaw.
   107 | D        | Found a shattered altar of Ashenzari.
   108 | D        | Became a worshipper of Sif Muna the Loreminder
   182 | D        | Reached skill level 4 in Fire Magic
   304 | D        | Reached * piety under Sif Muna
   304 | D        | Reached XP level 2. HP: 17/17 MP: 5/5
   375 | D        | Reached skill level 5 in Fire Magic
   375 | D        | Reached XP level 3. HP: 11/21 MP: 0/7
   378 | D        | Reached ** piety under Sif Muna
   558 | D        | Learned a level 3 spell: Conjure Flame
   562 | D        | Learned a level 3 spell: Inner Flame
   615 | D        | Noticed an ogre
   644 | D        | Reached *** piety under Sif Muna
   673 | D        | Killed an ogre
   673 | D        | Reached skill level 5 in Stealth
   673 | D        | Reached skill level 5 in Spellcasting
   673 | D        | Reached skill level 7 in Fire Magic
   673 | D        | Reached XP level 4. HP: 20/27 MP: 1/11
   673 | D        | Reached XP level 5. HP: 23/31 MP: 1/12
   736 | D        | Learned a level 4 spell: Sticky Flame
   798 | D        | Reached **** piety under Sif Muna
  1010 | D        | Noticed a manticore
  1020 | D        | Mangled by a manticore

Illustrated notes

Levels and vault maps discovered:
D:        pitsprint [storerooms_1, entrance_room_1, metal_vault_2, armoury_2,
          mini_pit_1, grid_room_1, main_hall_1, silver_pit, the_coven_3,
          the_vestibule_1, steel_vault_1, golden_pit, hallway_of_sentries,
          crystal_vault_4, iron_vault_2, final_vault]

Skill      XL: |  1  2  3  4  5 |
---------------+----------------+-----
Stealth        | 3 5 |  5.4
Fire Magic     | 4 5 7 |  7.6
Spellcasting   | 3 5 |  5.7
Dodging        | 3 |  3.7
Conjurations   | 2 3 |  3.0
Fighting       | |  0.5
Short Blades   | |  0.4

Action                   |  1- 3 |  4- 6 || total
-------------------------+-------+-------++-------
Melee: Dagger            |    14 |     7 ||    21
       Constrict         |     3 |     1 ||     4
       Tentacles         |     3 |     1 ||     4
 Cast: Foxfire           |    20 |     3 ||    23
       Conjure Flame     |     1 |       ||     1
       Sticky Flame      |       |     2 ||     2
  Use: Potion            |     1 |     2 ||     3
       Scroll            |     1 |       ||     1
 Stab: Sleeping          |     1 |     1 ||     2
Armor: Skin              |       |     1 ||     1
Dodge: Dodged            |    28 |    13 ||    41

Table legend:
 A = Non-vault XP
 B = Vault XP
 C = Vault XP percentage of total XP
 D = Non-vault monster count
 E = Vault monster count
 F = Vault count percentage of total count
                 A         B        C        D         E       F
            +---------+---------+-------+---------+---------+-------
      Total |       0 |     248 | 100.0 |       0 |      16 | 100.0
            +---------+---------+-------+---------+---------+-------
          D |       0 |     248 | 100.0 |       0 |      16 | 100.0
            +---------+---------+-------+---------+---------+-------
